 Dungeon Crawl Stone Soup version 0.26-a0-771-g060e6a62af (webtiles) character file.

Game seed: 10192147927907000785

480 Conn the Sneak (level 7, -11/43 HPs)
             Began as an Octopode Fire Elementalist on Nov 8, 2020.
             Mangled by an orc warrior
             ... wielding a +0 flail
              (21 damage)
             ... on level 4 of the Dungeon.
             The game lasted 00:08:45 (4682 turns).

Conn the Sneak (Octopode Fire Elementalist)         Turns: 4682, Time: 00:08:45

Health: -11/43     AC:  1    Str:  8    XL:     7   Next: 12%
Magic:  12/12      EV: 14    Int: 19    God:
Gold:   159        SH:  0    Dex: 12    Spells: 9/13 levels left

rFire    . . .     SeeInvis .   r - +2 dagger (flame)
rCold    . . .     Faith    .   (no shield)
rNeg     . . .     Spirit   .   (helmet restricted)
rPois    .         Reflect  .   (no amulet)
rElec    .         Harm     .   (no ring)
rCorr    .         Rampage  .   (no ring)
MR       .....                  (no ring)
Stlth    ++++......             (no ring)
HPRegen  0.14/turn              (no ring)
MPRegen  0.13/turn              (no ring)
                                (no ring)
                                (no ring)

@: brilliant, flying
A: almost no armour, stealthy swim, amphibious, 8 rings, constrict 8, camouflage
1, wild magic 1, gelatinous body 1, MP-powered wands
a: no special abilities


You were on level 4 of the Dungeon.
You visited 1 branch of the dungeon, and saw 4 of its levels.
You also visited: Sewer.

You collected 159 gold pieces.

Inventory:

Hand Weapons
 c - a +0 dagger
 j - a +1 dagger of venom
 r - a +2 dagger of flaming (weapon)
Missiles
 a - 33 poisoned darts (quivered)
Jewellery
 h - an uncursed ring of flight {unknown}
Scrolls
 b - 5 scrolls of remove curse {unknown}
 e - 3 scrolls of identify {unknown}
 i - a scroll of immolation {unknown}
 m - 2 scrolls of teleportation {unknown}
 n - a scroll of amnesia {unknown}
 p - a scroll of enchant armour {unknown}
 q - a scroll of blinking {unknown}
Potions
 d - 2 potions of might {unknown}
 f - 5 potions of heal wounds {unknown}
 g - 2 potions of mutation
 k - a potion of lignification {unknown}
 l - 5 potions of curing {unknown}
 o - a potion of degeneration {unknown}
 s - 3 potions of flight
 t - a potion of brilliance


   Skills:
 + Level 1.6 Fighting
 + Level 1.0 Short Blades
 + Level 2.9 Dodging
 + Level 5.2 Stealth
 + Level 3.7 Spellcasting
 + Level 2.9 Conjurations
 + Level 4.2 Fire Magic


You had 9 spell levels left.
You knew the following spells:

 Your Spells              Type           Power        Failure   Level
a - Foxfire               Conj/Fire      ####         5%          1
b - Conjure Flame         Conj/Fire      ####....     14%         3

Your spell library contained the following spells:

 Spells                   Type           Power        Failure   Level
 Inner Flame              Hex/Fire       ###.....     26%         3
 Sticky Flame             Conj/Fire      ####....     41%         4
 Fireball                 Conj/Fire      ####......   73%         5


Dungeon Overview and Level Annotations

Branches:
Dungeon (4/15)              Sewer (visited)
 Temple: D:4-7

Altars:


Innate Abilities, Weirdness & Mutations

You cannot wear most types of armour.
You are very stealthy in the water. (Stealth+)
You are amphibious.
You can wear up to eight rings at the same time.
You can use your tentacles to constrict eight enemies at once.
Your skin changes colour to match your surroundings (Stealth+).
Your rubbery body absorbs attacks. (AC +1, EV +1)
Your spells are a little harder to cast, but a little more powerful.
You expend magic power (3 MP) to strengthen your wands.


Message History

Unknown command.
Unknown command.
Unknown command.
Unknown command.
Okay, then.
Okay, then.
It was a potion of mutation.
You feel extremely strange.
You feel your magical essence link to the dungeon's wands.
You feel less in control of your magic. The quokka skeleton barely misses you.
Unknown command.
Unknown command.
It was a potion of flight.
You feel very buoyant.
You fly up into the air.
The orc warrior completely misses you. The quokka skeleton barely misses you.
It was a potion of brilliance.
You feel clever all of a sudden.
The orc warrior hits you with a +0 flail!!
You die...

#.## ##.# .
#..####..#....
#.........# #...##..###
( #Z#####.... ..#####
###o# ######
.......###...#
...........############.
...............Z@o.....>
.......<.##############.
.........# .........#
........)# ........##
.#.....## #######


You could see an orc warrior and a quokka skeleton.

Vanquished Creatures
  3 big kobolds (Sewer)
  8 adders
  8 river rats (Sewer)
  An ooze (D:2)
  A worm (D:3)
  5 dart slugs
  A leopard gecko (D:3)
  6 orcs
  6 bats
  4 giant cockroaches
  5 goblins
  9 hobgoblins
  23 kobolds
  6 ball pythons
  5 frilled lizards
  23 rats
114 creatures vanquished.

Vanquished Creatures (others)
  240 foxfires
240 creatures vanquished.

Grand Total: 354 creatures vanquished

Notes
Turn   | Place    | Note
-------+----------+-------------------------------------------
     0 | D:1      | Conn the Octopode Fire Elementalist began the quest for the
                  | Orb.
     0 | D:1      | Reached XP level 1. HP: 11/11 MP: 3/3
   145 | D:1      | Reached XP level 2. HP: 14/17 MP: 5/5
   591 | D:1      | Reached XP level 3. HP: 22/22 MP: 6/6
   596 | D:1      | Learned a level 3 spell: Conjure Flame
   663 | D:1      | Reached skill level 3 in Stealth
  1646 | D:2      | Reached XP level 4. HP: 27/27 MP: 4/7
  2624 | D:3      | Found a glowing drain.
  2637 | Sewer    | Entered a sewer
  2806 | Sewer    | Reached skill level 4 in Stealth
  2806 | Sewer    | Reached XP level 5. HP: 32/32 MP: 4/9
  2890 | Sewer    | Noticed a big kobold
  2890 | Sewer    | Noticed a big kobold
  2925 | Sewer    | Killed a big kobold
  2925 | Sewer    | Reached skill level 1 in Fighting
  2934 | Sewer    | Killed a big kobold
  2934 | Sewer    | Reached XP level 6. HP: 32/38 MP: 2/11
  3226 | Sewer    | Reached skill level 5 in Stealth
  3399 | Sewer    | Reached skill level 1 in Short Blades
  3629 | Sewer    | Reached XP level 7. HP: 34/43 MP: 9/12
  4381 | D:4      | HP: 2/43 [orc warrior/+0 flail (19)]
  4680 | D:4      | Gained mutation: You expend magic power (3 MP) to
                  | strengthen your wands. [potion of mutation]
  4680 | D:4      | Gained mutation: Your spells are a little harder to cast,
                  | but a little more powerful. [potion of mutation]
  4682 | D:4      | Mangled by an orc warrior

Illustrated notes

Levels and vault maps discovered:
D:1:      dpeg_arrival_rhombi, layout_rooms, glass_columns_a,
          minmay_pentomino_x2
D:2:      layout_loops_corners
D:3:      layout_loops_ring, serial_glass, glass_columns_a, glass_columns_b,
          glass_columns_b, glass_columns_b, portal_sewer_entry_b,
          minmay_splitting_lines, grunt_ministairs_5
D:4:      layout_rooms, minmay_door_square, minmay_close_crescents

Skill      XL: |  1  2  3  4  5  6 |
---------------+-------------------+-----
Stealth        | 3 4 5 |  5.2
Conjurations   | 2 |  2.9
Spellcasting   | 3 |  3.7
Fighting       | 1 |  1.6
Fire Magic     | 4 |  4.2
Short Blades   | 1 |  1.0
Dodging        | |  2.9

Action                   |  1- 3 |  4- 6 |  7- 9 || total
-------------------------+-------+-------+-------++-------
Melee: Dagger            |    26 |    53 |    11 ||    90
       Constrict         |     6 |    10 |     2 ||    18
       Tentacles         |     4 |    10 |     1 ||    15
 Cast: Foxfire           |    35 |    73 |    21 ||   129
  Use: Potion            |       |       |     3 ||     3
 Stab: Sleeping          |     6 |     8 |     5 ||    19
Armor: Skin              |     3 |     4 |       ||     7
Dodge: Dodged            |    20 |    41 |    11 ||    72

Table legend: (Time is in decaauts)
 A = Elapsed time spent in this place.
 B = Non-inter-level travel time spent in this place.
 C = Inter-level travel time spent in this place.
 D = Time resting spent in this place.
 E = Time spent auto-exploring this place.
 F = Levels seen in this place.
 G = Mean time per level.
                   A        B        C        D        E       F      G
               +--------+--------+--------+--------+--------+-----+--------+
         Total |   4678 |   4592 |     86 |    686 |   2856 |   5 |  935.6 |
       Dungeon |   3247 |   3161 |     86 |    302 |   2248 |   4 |  811.8 |
         Sewer |   1431 |   1431 |      0 |    384 |    608 |   1 | 1431.0 |
               +--------+--------+--------+--------+--------+-----+--------+

Top non-repeatable levels by time:
   Sewer: 1431 daAuts
     D:2: 1162 daAuts
     D:3: 1082 daAuts
     D:1: 954 daAuts
     D:4: 48 daAuts
